Map: Ascension to Aiur LE

Players

stakiimaN (stakimaN) - Winner!

  • Race: Zerg Zerg
  • Spawn Location: 5:00

ILuSionClocK

  • Race: Protoss Protoss
  • Spawn Location: 11:00

Event: WCS Valencia 2017

VOD

Have the link to the VOD?

Description

Time

  • Played on: July 13, 2017, 7:56 a.m.
  • Length: 10:04

All games in this series

Show
View Real Time Build Order
Export as new Build Order

stakiimaN Zerg - Winner!

Build Orders: Pool First 

Get SALT Encoding   

  12  0:00  Drone  
  13  0:12  Overlord  
  13  0:17  Drone  
  14  0:30  Drone x2  
  14  0:33  Drone  
  17  0:54  Drone  
  17  0:55  Spawning Pool, Drone  
  18  1:12  Hatchery  
  18  1:13  Extractor  
  18  1:16  Drone  
  17  1:19  Drone  
  18  1:27  Drone  
  19  1:38  Overlord  
  19  1:42  Queen  
  21  1:49  Drone  
  22  1:59  Drone  
  23  2:10  Drone  
  24  2:16  Metabolic Boost  
  24  2:17  Queen  
  24  2:21  Zergling x2  
  27  2:25  Zergling x2  
  28  2:32  Drone  
  28  2:35  Drone  
  30  2:40  Hatchery  
  29  2:44  Drone  
  29  2:45  Drone  
  31  2:51  Pneumatized Carapace  
  31  2:53  Drone  
  32  2:58  Overlord  
  32  3:02  Zergling x2  
  32  3:03  Zergling x2  
  34  3:07  Overlord  
  34  3:11  Drone  
  35  3:15  Drone  
  35  3:18  Drone  
  37  3:21  Drone  
  37  3:26  Evolution Chamber  
  37  3:31  Drone x5  
  40  3:34  Overlord  
  40  3:37  Drone  
  40  3:41  Drone  
  42  3:47  Drone  
  42  3:48  Drone  
  44  3:51  Overlord  
  44  3:52  Queen  
  46  3:58  Spore Crawler  
  46  4:02  Queen  
  47  4:06  Spore Crawler, Drone  
  47  4:08  Drone  
  48  4:10  Spore Crawler, Drone  
  48  4:11  Drone  
  48  4:16  Lair  
  49  4:19  Drone  
  49  4:22  Drone x3  
  53  4:26  Drone x2  
  53  4:28  Drone  
  56  4:32  Drone x2  
  56  4:33  Drone  
  56  4:35  Extractor  
  58  4:39  Overlord  
  58  4:40  Drone x2  
  58  4:43  Drone x2  
  61  4:46  Drone x2  
  61  4:47  Drone  
  61  4:49  Drone  
  61  4:50  Drone  
  66  4:54  Drone x2  
  66  4:58  Baneling Nest, Drone  
  67  5:00  Extractor x2  
  67  5:04  Drone  
  67  5:05  Drone  
  67  5:08  Zergling x2  
  68  5:15  Zergling x12  
  68  5:16  Hydralisk Den  
  68  5:20  Zergling x10  
  78  5:27  Overlord x2  
  78  5:38  Overseer  
  78  5:41  Baneling x2  
  78  5:42  Baneling x5  
  78  5:45  Zergling x22  
  78  5:49  Zergling x6  
  88  6:00  Drone  
  88  6:01  Drone x2  
  88  6:03  Drone  
  88  6:04  Extractor x2, Muscular Augments, Drone  
  89  6:07  Drone  
  89  6:12  Drone  
  89  6:13  Overlord  
  89  6:14  Overlord x2  
  89  6:18  Hatchery, Centrifical Hooks  
  89  6:19  Zerg Missile Weapons Level 1  
  89  6:28  Drone x3  
  89  6:29  Hydralisk x2  
  89  6:32  Hydralisk  
  98  6:40  Hydralisk x3  
  98  6:44  Hydralisk  
  98  6:46  Zergling x2  
  109  6:47  Zergling x6  
  109  6:52  Hydralisk  
  112  6:59  Hydralisk  
  112  7:00  Zergling x10  
  119  7:05  Overlord  
  119  7:06  Overlord x3  
  119  7:07  Overlord  
  119  7:11  Zergling x2  
  119  7:12  Zergling x4  
  122  7:16  Overlord  
  122  7:17  Overlord  
  121  7:32  Baneling x18  
  121  7:35  Drone x8  
  129  7:38  Hydralisk  
  129  7:40  Hydralisk  
  133  7:45  Drone x3  
  133  7:47  Extractor  
  133  7:50  Evolution Chamber  
  117  7:59  Hydralisk x3  
  117  8:00  Hydralisk x3  
  117  8:03  Zergling x6  
  118  8:07  Zergling x2  
  118  8:08  Zergling x4  
  118  8:10  Zergling x2  
  121  8:14  Zergling x2  
  121  8:15  Zergling x12  
  121  8:16  Zergling x2  
  129  8:23  Zergling x2  
  129  8:24  Zergling x4  
  132  8:28  Hydralisk  
  132  8:29  Hydralisk, Zergling x2  
  132  8:30  Zergling x2  
  132  8:31  Zergling x2  
  139  8:34  Zergling x6  
  139  8:39  Zergling x4  
  143  8:42  Spore Crawler  
  143  8:43  Spine Crawler  
  143  8:46  Zergling x4  
  143  8:48  Hydralisk  
  145  8:50  Zergling x2  
  145  8:51  Zergling x6  
  145  8:54  Overseer  
  145  8:55  Overseer, Hydralisk x3  
  149  9:01  Zergling x2  
  149  9:02  Zergling x8  
  159  9:05  Baneling x6  
  159  9:06  Baneling x2  
  159  9:09  Hydralisk  
  159  9:10  Zergling x4  
  159  9:13  Zergling x2  
  159  9:14  Baneling  
  159  9:15  Baneling x6  
  164  9:28  Baneling x11  
  164  9:29  Baneling x2  
  164  9:32  Hatchery  
  164  9:34  Overlord  
  164  9:35  Overlord  
  163  9:43  Zergling x2  
Show
View Real Time Build Order
Export as new Build Order

ILuSionClocK Protoss 

Build Orders: 1 Gate Expand, Oracle Opening, Zealot Archon 

Get SALT Encoding   

  12  0:00  Probe (Chrono Boost)  
  13  0:11  Probe (Chrono Boost)  
  14  0:18  Pylon  
  14  0:22  Probe (Chrono Boost)  
  15  0:36  Probe (Chrono Boost)  
  15  0:38  Gateway  
  16  0:46  Probe (Chrono Boost)  
  16  0:49  Assimilator  
  18  0:57  Probe (Chrono Boost)  
  18  1:07  Probe (Chrono Boost)  
  19  1:18  Probe (Chrono Boost)  
  20  1:25  Nexus  
  20  1:35  Cybernetics Core  
  20  1:39  Probe (Chrono Boost)  
  21  1:47  Assimilator  
  21  1:49  Probe (Chrono Boost)  
  22  1:58  Pylon  
  22  2:00  Probe (Chrono Boost)  
  23  2:12  Warp Gate  
  23  2:16  Probe (Chrono Boost), Adept  
  26  2:23  Pylon  
  26  2:27  Probe (Chrono Boost)  
  27  2:34  Stargate  
  27  2:42  Probe x2 (Chrono Boost)  
  27  2:43  Adept  
  31  2:52  Probe (Chrono Boost)  
  31  2:53  Probe (Chrono Boost)  
  31  2:57  Gateway  
  33  3:03  Probe (Chrono Boost)  
  33  3:05  Probe (Chrono Boost)  
  35  3:13  Probe (Chrono Boost)  
  35  3:15  Probe (Chrono Boost)  
  37  3:20  Oracle (Chrono Boost)  
  37  3:22  Probe  
  41  3:34  Probe  
  41  3:36  Probe  
  41  3:40  Adept  
  43  3:44  Mothership Core  
  43  3:45  Pylon  
  43  3:47  Gateway  
  45  3:49  Gateway  
  45  3:52  Probe  
  45  4:03  Probe, Phoenix (Chrono Boost)  
  45  4:04  Probe  
  45  4:06  Pylon  
  49  4:14  Probe  
  49  4:16  Probe  
  51  4:21  Adept  
  53  4:26  Nexus  
  53  4:32  Pylon  
  53  4:34  Probe  
  53  4:35  Pylon  
  53  4:36  Probe  
  55  4:44  Probe  
  55  4:48  Probe  
  57  4:52  Assimilator  
  57  4:54  Twilight Council  
  57  4:56  Assimilator  
  57  4:57  Forge  
  57  4:59  Probe (Chrono Boost)  
  57  5:01  Probe (Chrono Boost)  
  59  5:11  Probe (Chrono Boost)  
  59  5:12  Adept  
  59  5:13  Probe (Chrono Boost), Adept x3  
  69  5:20  Charge  
  69  5:22  Probe (Chrono Boost)  
  69  5:24  Robotics Facility, Protoss Ground Weapons Level 1 (Chrono Boost)  
  70  5:32  Probe x2 (Chrono Boost)  
  69  5:40  Probe, Pylon  
  70  5:44  Probe x2  
  72  5:50  Probe  
  72  5:56  Probe x2  
  71  6:01  Probe  
  71  6:03  Gateway  
  64  6:05  Pylon  
  64  6:06  Zealot x4  
  64  6:08  Probe x2  
  64  6:11  Templar Archives  
  74  6:15  Probe  
  74  6:17  Immortal (Chrono Boost)  
  79  6:29  Gateway  
  79  6:31  Gateway  
  79  6:32  Assimilator  
  79  6:33  Probe x3  
  79  6:36  Assimilator  
  79  6:38  Zealot x2  
  86  6:40  Zealot  
  86  6:41  Zealot  
  90  6:51  Probe x3  
  90  6:52  Immortal (Chrono Boost)  
  97  7:05  Gateway  
  97  7:07  Gateway, High Templar x4  
  105  7:11  Pylon  
  105  7:18  Archon  
  105  7:19  Archon  
  105  7:20  Zealot  
  107  7:25  Gateway  
  107  7:28  Pylon  
  111  7:30  Immortal (Chrono Boost)  
  111  7:31  Pylon  
  111  7:34  Pylon, High Templar x2  
  115  7:40  Zealot  
  115  7:43  Archon  
  117  7:47  Pylon  
  117  7:49  Pylon  
  117  7:58  Zealot x4  
  107  8:05  Immortal (Chrono Boost)  
  103  8:14  Zealot x2  
  103  8:15  Zealot x2  
  111  8:20  Gateway  
  111  8:21  Gateway  
  111  8:23  Pylon  
  111  8:25  Pylon  
  111  8:29  High Templar x3  
  111  8:32  Zealot, High Templar  
  111  8:33  Zealot  
  123  8:36  Archon x2  
  123  8:37  Zealot x2  
  123  8:38  Zealot x2  
  123  8:39  Warp Prism (Chrono Boost)  
  131  8:46  Pylon  
  131  8:48  Pylon  
  129  9:10  Warp Prism (Chrono Boost)  
  129  9:14  Zealot  
  129  9:15  Zealot x9  
  149  9:28  Gateway  
  149  9:30  Gateway  
  149  9:33  Pylon  
  149  9:34  Pylon  
  149  9:36  Pylon  
  149  9:39  Pylon  
  149  9:50  Zealot  
  149  9:51  Zealot x3  
  115  9:53  Zealot x3  
  115  9:54  Zealot x5  
Tags
 
Add a new tag
Caveats
  • Supply blocks, unpowered buildings, or Contaminate may cause inaccurate times.
  • Supply counts are checked every 10 seconds.